 Dungeon Crawl Stone Soup version 0.30.1-9-gdf580d7c3d (webtiles) character file.

Game seed: 16658899775721531774

1640 Ivernyr the Covered (level 9, -11/73 HPs)
             Began as a Formicid Fighter on Sept 30, 2023.
             Was an Initiate of Wu Jian.
             Mangled by a troll (16 damage)
             ... on level 5 of the Dungeon.
             The game lasted 00:14:33 (5034 turns).

Ivernyr the Covered (Formicid Fighter)              Turns: 5034, Time: 00:14:33

Health: -11/73     AC:  9    Str: 25    XL:     9   Next: 18%
Magic:  9/9        EV:  9    Int:  8    God:    Wu Jian [......]
Gold:   231        SH:  5    Dex: 13    Spells: 8/8 levels left

rFire   . . .        a - +0 flail
rCold   . . .        c - +0 buckler
rNeg    . . .        b - +0 scale mail
rPois   .            (helmet unavailable)
rElec   .            (no cloak)
rCorr   .            j - +0 pair of gloves
SInv    +            (no boots)
Will    .....        o - amulet of the acrobat Stlth
                     (no ring)
HPRegen 0.32/turn    (no ring)
MPRegen 0.11/turn

%: acrobat
@: mighty
A: permanent stasis, dig shafts and tunnels, antennae 3, four strong arms
a: Dig, Shaft Self, Renounce Religion


You were on level 5 of the Dungeon.
You worshipped Wu Jian.
Wu Jian was noncommittal.
You visited 2 branches of the dungeon, and saw 6 of its levels.
You also visited: Sewer.

You collected 231 gold pieces.

Inventory:

Hand Weapons
 a - a +0 flail (weapon)
Armour
 b - a +0 scale mail (worn)
 c - a +0 buckler (worn)
 j - a +0 pair of gloves (worn)
Jewellery
 o - an amulet of the acrobat (around neck)
Wands
 q - a wand of charming (8)
Scrolls
 h - a scroll of fog {unknown}
 i - a scroll of teleportation {unknown}
 n - a scroll of magic mapping {unknown}
 p - 4 scrolls of enchant armour {unknown}
 s - 2 scrolls of identify {unknown}
 t - 2 scrolls of enchant weapon {unknown}
 v - a scroll of noise {unknown}
 x - a scroll of blinking {unknown}
 y - 2 scrolls of fear {unknown}
 z - a scroll of vulnerability {unknown}
Potions
 d - a potion of might
 e - 2 potions of lignification {unknown}
 f - a potion of invisibility {unknown}
 g - a potion of cancellation {unknown}
 k - 3 potions of resistance {unknown}
 l - 3 potions of flight {unknown}
 m - 3 potions of haste {unknown}
 r - a potion of berserk rage {unknown}
 u - a potion of curing {unknown}
 w - 3 potions of mutation {unknown}


   Skills:
 + Level 7.7 Fighting
 + Level 6.6 Maces & Flails
 + Level 7.7 Armour
 - Level 4.0 Shields


You had 8 spell levels left.
You didn't know any spells.
Your spell library contained the following spells:

 Spells                   Type           Power      Damage    Failure   Level
 Necrotise                Necr           0%         1d4       73%         1
 Ensorcelled Hibernation  Hex/Ice        0%         N/A       86%         2
 Spider Form              Tmut/Pois      0%         N/A       97%         3
 Vampiric Draining        Necr           0%         2d6       97%         3
 Anguish                  Hex/Necr       0%         N/A       100%        4
 Agony                    Necr           0%         N/A       100%        5


Dungeon Overview and Level Annotations

Branches:
Dungeon (5/15)             Temple (1/1) D:4           Sewer (visited)

Altars:
Ashenzari
Cheibriados
Dithmenos
Gozag
Hepliaklqana
Makhleb
Nemelex Xobeh
Qazlal
Ru
Sif Muna
Trog
Uskayaw
Wu Jian
Xom
Yredelemnul
Zin

Shops:
D:4 (

Annotations:
D:4 2 transporters, VerbalBBQ's ghost, amateur FoFi


Innate Abilities, Weirdness & Mutations

You cannot be hasted, slowed, berserked, paralysed or teleported.
You can dig through walls and to a lower floor.
You have a pair of large antennae on your head. (SInv)
Your four strong arms can wield two-handed weapons with a shield.


Message History

You kill the adder!
The Council accepts your kill.
You feel sick.
You are no longer poisoned.
Found an escape hatch in the floor.
You sense a monster nearby.
A troll comes into view.
A troll is nearby!
The troll shouts!
You lunge at the troll.
You sock the troll!
The troll is lightly wounded.
The troll barely misses you. The troll claws you.
The troll claws you but does no damage.
You sock the troll!
The troll is heavily wounded.
The troll bites you. The troll claws you.
The troll claws you but does no damage.
You hit the troll.
The troll is heavily wounded.
You block the troll's attack. The troll claws you!
The troll claws you but does no damage.
You thump the troll!
The troll is almost dead.
The troll bites you but does no damage. The troll claws you.
The troll claws you!
You closely miss the troll.
The troll is almost dead.
The troll bites you! The troll claws you. x2
You closely miss the troll.
The troll is severely wounded.
The troll bites you.
* * * LOW HITPOINT WARNING * * *
The troll claws you but does no damage. The troll barely misses you. x2
The troll claws you.
* * * LOW HITPOINT WARNING * * *
The troll claws you!
* * * LOW HITPOINT WARNING * * *
You feel very mighty all of a sudden. The troll bites you!
You die...

.####..#♣ ... ##
#...## #... # #.#..###
##...#
####.##...###.....# ##
.....####.......... ..
.)#............#####.#
..#........)#####.>..#
<......####..###..####
..####..# ##..##@##
..# ##..# ##...T.# ..#
#.# ###......... ..#
..# #.######## ..# ..
..# ..# .### ### #. .
..


You could see a troll.

Vanquished Creatures
  Pikel (D:4)
  Sigmund (D:3)
  A phantom (D:4)
  4 kobold brigands (Sewer)
  2 scorpions
  An orc priest (D:4)
  A hound (D:4)
  A gnoll bouda (D:5)
  A sleepcap (D:5)
  2 iguanas
  2 orc wizards
  11 adders
  4 gnolls
  A river rat (Sewer)
  2 ufetubi
  6 worms
  5 dart slugs
  11 orcs
  11 endoplasms
  3 giant cockroaches
  7 goblins
  5 hobgoblins
  4 jackals (D:4)
  3 quokkas
  8 ball pythons
  8 bats
  2 frilled lizards
  18 kobolds
  7 rats
133 creatures vanquished.

Vanquished Creatures (others)
  An orc wizard (D:5)
1 creature vanquished.

Grand Total: 134 creatures vanquished

Notes
Turn   | Place    | Note
-------+----------+-------------------------------------------
     0 | D:1      | Ivernyr the Formicid Fighter began the quest for the Orb.
     0 | D:1      | Reached XP level 1. HP: 18/18 MP: 1/1
    81 | D:1      | Reached XP level 2. HP: 24/24 MP: 2/2
   667 | D:1      | Reached XP level 3. HP: 30/30 MP: 3/3
  1065 | D:2      | Reached XP level 4. HP: 29/37 MP: 4/4
  1529 | D:3      | Noticed Sigmund
  1544 | D:3      | Killed Sigmund
  1545 | D:3      | Reached skill level 5 in Fighting
  1545 | D:3      | Reached skill level 5 in Armour
  1545 | D:3      | Reached XP level 5. HP: 17/44 MP: 5/5
  1545 | D:3      | Reached XP level 6. HP: 20/51 MP: 6/6
  1674 | D:3      | Identified the +11 mace of Beyond {flame, rPois rN+ Str+5
                  | Int-5}
  2020 | D:3      | Found a glowing drain.
  2033 | Sewer    | Entered a sewer
  2182 | Sewer    | Reached XP level 7. HP: 53/56 MP: 7/7
  3345 | D:4      | Noticed Pikel
  3362 | D:4      | Killed Pikel
  3363 | D:4      | Reached skill level 5 in Maces & Flails
  3363 | D:4      | Reached XP level 8. HP: 45/65 MP: 8/8
  3852 | D:4      | Found a staircase to the Ecumenical Temple.
  3861 | Temple   | Entered the Ecumenical Temple
  3941 | Temple   | Became a worshipper of the Wu Jian Council
  4097 | D:4      | Reached XP level 9. HP: 52/72 MP: 9/9
  4139 | D:4      | Found Maleq's Antique Weapon Boutique.
  4188 | D:4      | Found a transporter.
  4243 | D:4      | Found a transporter.
  4336 | D:4      | Noticed VerbalBBQ's ghost (amateur FoFi)
  4604 | D:5      | Entered Level 5 of the Dungeon
  5023 | D:5      | Noticed a troll
  5034 | D:5      | Mangled by a troll

Illustrated notes

Levels and vault maps discovered:
D:1:      evilmike_arrival_plus, layout_basic
D:2:      layout_rooms, minmay_fractal_squares_5
D:3:      layout_basic, cheibrodos_sewer_entry_bend, serial_glass,
          glass_columns_a, glass_columns_a, nicolae_titane, uniq_sigmund
D:4:      layout_loops_ring, minmay_temple_entry_proselytizer,
          nicolae_ossuary_entry_ruins, serial_shops, shop,
          gammafunk_ghost_gnarly_gnolls, grunt_decor_arrowhead, uniq_pikel
D:5:      cheibrodos_iron_armory, layout_rooms, kennysheep_okawaru_gauntlet,
          serial_shops, nicolae_diamond_shop
Temple:   minmay_temple_bridge_d

Skill      XL: |  1  2  3  4  5  6  7  8 |
---------------+-------------------------+-----
Armour         | 4 5 6 7 |  7.7
Fighting       | 4 5 6 7 |  7.7
Maces & Flails | 3 4 5 6 |  6.6
Shields        | |  4.0

Action                     |  1- 3 |  4- 6 |  7- 9 || total
---------------------------+-------+-------+-------++-------
  Melee: Flail             |   113 |   113 |   318 ||   544
Ability: Lunge             |       |       |     9 ||     9
    Use: Potion            |       |       |     1 ||     1
 Armour: Scale mail        |    76 |    33 |   109 ||   218
  Dodge: Dodged            |    61 |    67 |   133 ||   261
  Block: Buckler           |    31 |    25 |    72 ||   128
